 Dungeon Crawl Stone Soup version 0.22-a0-136-g83a10e5 (webtiles) character file.

167 mortelune the Chiller (level 5, -1/35 HPs)
             Began as a Demonspawn Ice Elementalist on Feb 3, 2018.
             Killed by divine providence
             ... invoked by an orc priest
              (12 damage)
             ... on level 3 of the Dungeon.
             The game lasted 00:07:31 (3735 turns).

mortelune the Chiller (Demonspawn Ice Elementalist) Turns: 3735, Time: 00:07:32

Health: -1/35      AC:  4    Str:  8    XL:     5   Next: 23%
Magic:  0/9        EV: 12    Int: 18    God:
Gold:   109        SH:  0    Dex: 13    Spells: 4/10 levels left

rFire    . . .     SeeInvis .   l - +2 morningstar (venom)
rCold    . . .     Gourm    .   (no shield)
rNeg     . . .     Faith    .   a - +0 robe
rPois    .         Spirit   .   c - +0 helmet
rElec    .         Reflect  .   (no cloak)
rCorr    .         Harm     .   (no gloves)
MR       +....                  n - +0 pair of boots
Stlth    ++........             (no amulet)
HPRegen  0.11/turn              e - ring of protection from magic
MPRegen  0.11/turn              (no ring)

@: very slightly contaminated
A: talons 1, powered by pain 1
a: no special abilities


You were on level 3 of the Dungeon.
You were not hungry.

You visited 1 branch of the dungeon, and saw 3 of its levels.

You collected 109 gold pieces.

Inventory:

Hand Weapons
 d - a +0 club
 f - a +0 short sword
 l - a +2 morningstar of venom (weapon)
Armour
 a - a +0 robe (worn)
 c - a +0 helmet (worn)
 n - a +0 pair of boots (worn)
 r - a +0 buckler
Jewellery
 e - a ring of protection from magic (left hand)
Scrolls
 g - a scroll of amnesia
 h - a scroll of noise
 j - a scroll of enchant armour {unknown}
 k - 2 scrolls of teleportation
 m - a scroll of fog {unknown}
Potions
 i - a potion of haste {unknown}
 p - a potion of ambrosia
 q - a potion of lignification
Books
 b - a book of Frost

   Spells                             Type                      Level
   a - Freeze                         Ice                          1
   b - Throw Frost                    Conjuration/Ice              2
   c - Ozocubu's Armour               Charms/Ice                   3
   d - Throw Icicle                   Conjuration/Ice              4
   e - Summon Ice Beast               Ice/Summoning                4
Comestibles
 o - 2 rations


   Skills:
 - Level 1.7 Dodging
 - Level 1.7 Stealth
 + Level 3.2 Spellcasting
 + Level 2.2 Conjurations
 * Level 4.3 Ice Magic


You had 4 spell levels left.
You knew the following spells:

 Your Spells              Type           Power        Failure   Level  Hunger
a - Freeze                Ice            ###.         2%          1    None
b - Throw Frost           Conj/Ice       ##....       6%          2    ##.....
c - Ozocubu's Armour      Chrm/Ice       ##......     21%         3    ###....


Dungeon Overview and Level Annotations

Branches:
Dungeon (3/15)

Altars:
Makhleb
Nemelex Xobeh
Xom


Innate Abilities, Weirdness & Mutations

You have sharp toenails.
You sometimes gain a little power by taking damage.


Message History

Casting: Freeze (safe; 2% risk of failure)
Confirm with . or Enter, or press ? or * to list all spells.
Aiming: Freeze (safe; 2% risk of failure)
Press: ? - help, Shift-Dir - straight line, f/p - orc wizard
Aim: an orc wizard, wielding a dagger and wearing a robe (lightly wounded)
You freeze the orc wizard.
The orc wizard is severely wounded.
The orc wizard barely misses you.
You closely miss the orc wizard.
The orc wizard is severely wounded.
The orc wizard casts a spell at you. The magic dart hits you!
You hit the orc wizard.
The orc wizard is poisoned.
The orc wizard is almost dead.
The orc wizard hits you with a dagger. x2
The orc wizard gestures at you while chanting.
The magic dart hits you!
The orc priest invokes the aid of Beogh against you.
Beogh smites you!
You die...

##.## #.# #.## #.#
#.#.## #.########
#.###o######.........
#.#...#........#######
#.......#######.#
#.##..... #.# ##
#..... #.# ##.... #@#
...... #.# .####.# #.#
#. #o# ..o....o#
#.<####.# #.. ..# .##


You could see an orc priest and an orc wizard.

Vanquished Creatures
  2 orc wizards (D:3)
  3 gnolls (D:2)
  3 adders
  2 worms (D:2)
  A dart slug (D:1)
  A leopard gecko (D:2)
  2 orcs
  3 giant cockroaches
  3 goblins
  4 hobgoblins
  4 jackals (D:1)
  2 ball pythons (D:2)
  4 bats
  7 kobolds
  8 rats
49 creatures vanquished.

Notes
Turn   | Place    | Note
-------+----------+-------------------------------------------
     0 | D:1      | mortelune the Demonspawn Ice Elementalist began the quest for the Orb.
     0 | D:1      | Reached XP level 1. HP: 13/13 MP: 3/3
   336 | D:1      | Reached skill level 3 in Ice Magic
   336 | D:1      | Gained mutation: You have sharp toenails. [demonic ancestry]
   336 | D:1      | Reached XP level 2. HP: 19/19 MP: 1/5
   340 | D:1      | Learned a level 2 spell: Throw Frost
  1525 | D:2      | Reached XP level 3. HP: 19/24 MP: 0/7
  2479 | D:2      | Gained mutation: You sometimes gain a little power by taking damage. [demonic ancestry]
  2479 | D:2      | Reached XP level 4. HP: 15/30 MP: 0/8
  2748 | D:2      | Learned a level 3 spell: Ozocubu's Armour
  2870 | D:2      | Found a burning altar of Makhleb.
  2873 | D:2      | Found a shimmering altar of Xom.
  2941 | D:2      | Found a sparkling altar of Nemelex Xobeh.
  3285 | D:3      | Reached skill level 4 in Ice Magic
  3596 | D:3      | Reached XP level 5. HP: 35/35 MP: 5/9
  3735 | D:3      | Killed from afar by an orc priest

Vault maps used:
D:1:      dpeg_arrival_water_fire
D:2:      minitemple, nemelex_altar_shiori
D:3:      trog_hazing_becter

Skill      XL: |  1  2  3  4 |
---------------+-------------+-----
Ice Magic      | 3 4 |  4.3
Spellcasting   | 3 |  3.2
Conjurations   | 2 |  2.2
Dodging        | |  1.7
Stealth        | |  1.7

Action                   |  1- 3 |  4- 6 || total
-------------------------+-------+-------++-------
Melee: Short sword       |    44 |     1 ||    45
       Kick              |     2 |       ||     2
       Morningstar       |       |     2 ||     2
 Cast: Freeze            |    37 |    26 ||    63
       Throw Frost       |    22 |    13 ||    35
  Use: Potion            |     2 |       ||     2
       Scroll            |       |     7 ||     7
 Stab: Sleeping          |     1 |       ||     1
  Eat: Ration            |     1 |       ||     1
       Chunk             |     3 |     4 ||     7
Armor: Robe              |     8 |     3 ||    11
Dodge: Dodged            |    64 |    14 ||    78

Table legend:
 A = Spawn XP
 B = Non-spawn XP
 C = Spawn XP percentage of total XP
 D = Spawn monster count
 E = Non-spawn monster count
 F = Spawn count percentage of total count
 G = Total turns spent on level
                    A         B        C        D         E        F      G
               +---------+---------+-------+---------+---------+-------+---------
         Total |       0 |     239 |   0.0 |       0 |      49 |   0.0 |  3735
               +---------+---------+-------+---------+---------+-------+---------
           D:1 |       0 |      38 |   0.0 |       0 |      22 |   0.0 |  1506
           D:2 |       0 |      98 |   0.0 |       0 |      18 |   0.0 |  1790
           D:3 |       0 |     103 |   0.0 |       0 |       9 |   0.0 |   439
               +---------+---------+-------+---------+---------+-------+---------
